 Dungeon Crawl Stone Soup version 0.30-a0-1160-g6e42c06551 (webtiles) character file.

Game seed: 16833662596585132654

25 jasper the Twirler (level 2, -4/20 HPs)
             Began as a Demigod Wanderer on Apr 25, 2023.
             Slain by Terence
             ... wielding a +0 flail
              (6 damage)
             ... on level 2 of the Dungeon.
             The game lasted 00:01:39 (1111 turns).

jasper the Twirler (Demigod Wanderer)               Turns: 1111, Time: 00:01:39

Health: -4/20      AC:  0    Str: 13    XL:     2   Next: 66%
Magic:  1/7        EV: 16    Int: 14    God:
Gold:   48         SH:  0    Dex: 13    Spells: 4/5 levels left

rFire   . . .        k - staff of earth
rCold   . . .        (no shield)
rNeg    . . .        (no body armour)
rPois   .            (no helmet)
rElec   .            (no cloak)
rCorr   .            (no gloves)
SInv    .            (no boots)
Will    .....        (no amulet)
Stlth   +            e - +5 ring of evasion
HPRegen 0.23/turn    (no ring)
MPRegen 0.10/turn

%: no passive effects
@: no status effects
A: high MP 1, forlorn, divine attributes
a: no special abilities


You were on level 2 of the Dungeon.
You visited 1 branch of the dungeon, and saw 2 of its levels.

You collected 48 gold pieces.

Inventory:

Hand Weapons
 a - a +2 quarterstaff
 j - a +2 dagger of electrocution
Magical Staves
 k - a staff of earth (weapon)
Jewellery
 e - a +5 ring of evasion (left hand)
 l - a +6 ring of strength
Scrolls
 b - a scroll of teleportation {unknown}
 f - a scroll of amnesia {unknown}
 g - a scroll of fog {unknown}
Potions
 c - 3 potions of attraction
 d - a potion of cancellation
 h - a potion of might {unknown}
 i - a potion of heal wounds {unknown}
 m - a potion of haste {unknown}


   Skills:
 - Level 3.6 Staves
 - Level 1.0 Armour
 + Level 2.4 Spellcasting
 + Level 3.2 Earth Magic


You had 4 spell levels left.
You knew the following spells:

 Your Spells              Type           Power      Damage    Failure   Level
a - Sandblast             Erth           32%        2d9       6%          1

Your spell library contained the following spells:

 Spells                   Type           Power      Damage    Failure   Level
 Stone Arrow              Conj/Erth      18%        3d8       34%         3


Dungeon Overview and Level Annotations

Branches:
Dungeon (2/15)

Shops:
D:2 =

Annotations:
D:2 Terence


Innate Abilities, Weirdness & Mutations

You have an increased reservoir of magic. (+10% MP)
You shall have no god before yourself.
Your divine heritage dramatically boosts your attributes as you level up.


Message History

You feel a surge of power!
The blast of sand hits Terence but does no damage.
Terence is lightly wounded.
Terence closely misses you. Terence hits you with a +0 flail.
You take 6 damage, and have 8/20 hp.
MASSIVE DAMAGE!!
You now have 3/7 mp.
Aiming: Sandblast (safe; 6% risk of failure)
Press: ? - help, Q - select action Shift-Dir - straight line, f/p - Terence
Aim: Terence, wielding a +0 flail and wearing a +0 chain mail (lightly wounded, 87% to hit)
You feel a surge of power!
The blast of sand misses Terence.
Terence closely misses you.
You now have 2/7 mp.
Aiming: Sandblast (safe; 6% risk of failure)
Press: ? - help, Q - select action Shift-Dir - straight line, f/p - Terence
Aim: Terence, wielding a +0 flail and wearing a +0 chain mail (lightly wounded, 87% to hit)
You feel a surge of power!
The blast of sand hits Terence but does no damage.
Terence is lightly wounded.
Terence misses you. Terence hits you with a +0 flail!
* * * LOW HITPOINT WARNING * * *
You take 6 damage, and have 2/20 hp.
MASSIVE DAMAGE!!
You now have 1/7 mp.
Aiming: Sandblast (safe; 6% risk of failure)
Press: ? - help, Q - select action Shift-Dir - straight line, f/p - Terence
Aim: Terence, wielding a +0 flail and wearing a +0 chain mail (lightly wounded, 87% to hit)
You feel a surge of power!
The blast of sand hits Terence but does no damage.
Terence is lightly wounded.
Terence barely misses you.
Okay, then.
What are your orders? t - Shout!
Orders for allies: a - Attack new target. p - Attack previous target. r - Retreat! s - Stop attacking. g - Guard the area. f - Follow me.
Anything else - Cancel.
You shout for attention!
You hear a shout!
Terence barely misses you.
Okay, then.
It was a potion of cancellation.
You feel magically purged. Terence hits you with a +0 flail.
You die...

..# .. .. #### . #...
.## # ######...##.. ...
#.......!..#....#
#.....###@....... ..
#....#.#.#@...... ##..
#....##∩##....... #...
#....#.#.#.#.....
#...###.....###..#.....
#.....##...............
#...........##.........
.#.........####
........
.......>........ .##..


You could see Terence.

Vanquished Creatures
  A dart slug (D:1)
  4 endoplasms (D:1)
  A giant cockroach (D:1)
  3 quokkas (D:1)
  5 bats (D:1)
  2 frilled lizards (D:1)
  4 kobolds (D:1)
  3 rats (D:1)
23 creatures vanquished.

Notes
Turn   | Place    | Note
-------+----------+-------------------------------------------
     0 | D:1      | jasper the Demigod Wanderer began the quest for the Orb.
     0 | D:1      | jasper set off with the following items: a +2 quarterstaff,
                  | a +0 scale mail, a potion of attraction; and the following
                  | spell memorised: Sandblast; and the following spells
                  | available to memorise: Stone Arrow.
     0 | D:1      | Reached XP level 1. HP: 14/14 MP: 5/5
   581 | D:1      | Reached XP level 2. HP: 20/20 MP: 4/7
  1093 | D:2      | Found Lywnas's Jewellery Shoppe.
  1102 | D:2      | Noticed Terence
  1111 | D:2      | Slain by Terence

Illustrated notes

Levels and vault maps discovered:
D:1:      elethiomel_arrival_maze, layout_loops_ring
D:2:      layout_basic, serial_shops, nicolae_shop_gaudy_bauble,
          minmay_heptomino_d4, uniq_terence

Skill      XL: |  1 |
---------------+----+-----
Spellcasting   | 2 |  2.4
Earth Magic    | 3 |  3.2
Staves         | |  3.6
Armour         | |  1.0

Action                     || total
---------------------------++-------
  Melee: Staff             ||     1
   Cast: Sandblast         ||    43
    Use: Potion            ||     1
  Dodge: Dodged            ||    16

Table legend: (Time is in decaauts)
 A = Elapsed time spent in this place.
 B = Non-inter-level travel time spent in this place.
 C = Inter-level travel time spent in this place.
 D = Time resting spent in this place.
 E = Time spent auto-exploring this place.
 F = Levels seen in this place.
 G = Mean time per level.
                   A        B        C        D        E       F      G
               +--------+--------+--------+--------+--------+-----+--------+
         Total |   1131 |   1096 |     35 |      0 |    931 |   2 |  565.5 |
       Dungeon |   1131 |   1096 |     35 |      0 |    931 |   2 |  565.5 |
               +--------+--------+--------+--------+--------+-----+--------+

Top non-repeatable levels by time:
     D:1: 1072 daAuts
     D:2: 59 daAuts
